 Dungeon Crawl Stone Soup version 0.30-a0-634-g8abc85282e (webtiles) character file.

Game seed: 17538446622979163067

49 wormed the Insei (level 3, 0/23 HPs)
             Began as an Octopode Transmuter on Jan 14, 2023.
             Slain by Terence
             ... wielding a +0 mace
              (4 damage)
             ... on level 2 of the Dungeon.
             The game lasted 00:01:53 (1285 turns).

wormed the Insei (Octopode Transmuter)              Turns: 1285, Time: 00:01:54

Health: 0/23       AC:  1    Str:  9    XL:     3   Next: 77%
Magic:  6/6        EV: 13    Int: 17    God:
Gold:   10         SH:  0    Dex: 12    Spells: 3/6 levels left

rFire   . . .      SeeInvis .      - Unarmed
rCold   . . .      Faith    .    (no shield)
rNeg    . . .      Spirit   .    (helmet restricted)
rPois   .          Reflect  .    (no amulet)
rElec   .          Harm     .    (no ring)
rCorr   .          Rampage  .    (no ring)
Will    .....                    (no ring)
Stlth   ++                       (no ring)
HPRegen 0.23/turn                (no ring)
MPRegen 0.10/turn                (no ring)
                                 (no ring)
                                 (no ring)

@: no status effects
A: almost no armour, amphibious, 8 rings, camouflage 1, gelatinous body 1,
(nimble swimmer 1), tentacles
a: no special abilities


You were on level 2 of the Dungeon.
You visited 1 branch of the dungeon, and saw 2 of its levels.

You collected 10 gold pieces.

Inventory:

Potions
 a - a potion of lignification
 b - a potion of resistance {unknown}
 e - a potion of invisibility


   Skills:
 + Level 1.4 Fighting
 + Level 2.2 Dodging
 + Level 3.2 Unarmed Combat
 + Level 2.2 Spellcasting
 * Level 2.8 Transmutations
 + Level 0.8 Ice Magic


You had 3 spell levels left.
You knew the following spells:

 Your Spells              Type           Power      Damage    Failure   Level
a - Beastly Appendage     Tmut           22%        N/A       6%          1
b - Wereblood             Tmut           11%        N/A       9%          2

Your spell library contained the following spells:

 Spells                   Type           Power      Damage    Failure   Level
 Spider Form              Tmut/Pois      6%         N/A       30%         3
 Ice Form                 Ice/Tmut       8%         N/A       65%         4


Dungeon Overview and Level Annotations

Branches:
Dungeon (2/15)

Altars:

Annotations:
D:2 Terence


Innate Abilities, Weirdness & Mutations

You cannot wear most types of armour.
You are amphibious.
You can wear up to eight rings at the same time.
Your skin changes colour to match your surroundings (Stealth+).
Your rubbery body absorbs attacks. (AC +1, EV +1)
((You are camouflaged when in or above water. (Stealth+)))
You have tentacles for arms and can constrict up to eight enemies at once.


Message History

You are poisoned.
The adder poisons you!
You closely miss the adder. Your grab misses the adder.
The adder is heavily wounded.
You feel sick. The adder barely misses you. x2
You barely miss the adder. You grab the adder.
You pierce the adder.
You squeeze the adder.
You kill the adder!
You feel sick.
You feel sick.
You see here an adder corpse.
You feel sick.
You feel sick.
You are no longer poisoned.
Your magical contamination has completely faded away.
Your transformation is almost over.
Your tentacle spike disappears.
Terence the Incautious comes into view.
He is wielding a +0 mace.
Found a purple potion.
Terence is nearby!
Terence is nearby!
Terence is nearby!
The helpless Terence fails to defend himself.
You tentacle-slap Terence. Your grab misses Terence.
Terence is lightly wounded.
Terence hits you with a +0 mace.
You tentacle-slap Terence but do no damage.
You grab Terence.
Terence is lightly wounded.
You constrict Terence, but do no damage.
Terence drinks a potion.
Terence flickers and vanishes!
Deactivating autopickup; reactivate with Ctrl-A.
You barely miss something. You constrict something. Something hits you.
You tentacle-slap something. You constrict something. Something hits you.
You tentacle-slap something.
Your tentacle-slap misses something.
You constrict something. Something hits you!
* * * LOW HITPOINT WARNING * * *
You tentacle-slap something but do no damage.
You constrict something. Something hits you.
You die...

#####...#.# #.#
#...#.# #!# ##+##†#
#.# #.# #.# #.#
##.. #.# ..# #.#
#{# #.# #@#### #.#
# #..†.# #.#
#.####.######.#
#......#......#
####.###.#########.
#...............
##.###.#.##########
#......#.#
#..#####.#


There were no monsters in sight!

Vanquished Creatures
  2 adders (D:2)
  A dart slug (D:1)
  A worm (D:2)
  3 ball pythons (D:1)
  3 endoplasms (D:1)
  A giant cockroach (D:1)
  4 hobgoblins (D:1)
  3 kobolds (D:1)
  2 quokkas (D:1)
  A bat (D:1)
  2 frilled lizards (D:1)
  2 goblins (D:1)
  2 rats (D:1)
27 creatures vanquished.

Notes
Turn   | Place    | Note
-------+----------+-------------------------------------------
     0 | D:1      | wormed the Octopode Transmuter began the quest for the Orb.
     0 | D:1      | Reached XP level 1. HP: 13/13 MP: 3/3
   154 | D:1      | Reached XP level 2. HP: 18/18 MP: 3/5
   157 | D:1      | Learned a level 2 spell: Wereblood
   753 | D:1      | Reached XP level 3. HP: 23/23 MP: 4/6
  1278 | D:2      | Noticed Terence
  1285 | D:2      | Slain by Terence

Illustrated notes

Levels and vault maps discovered:
D:1:      sevenhm_arrival_forest_fort_small_4, layout_basic
D:2:      layout_basic, basic_altar, uniq_terence

Action                   || total
-------------------------++-------
Melee: Unarmed           ||    59
       Kick              ||    17
       Constrict         ||    17
       Tentacles         ||    12
 Cast: Beastly Appendage ||    24
       Wereblood         ||     2
  Use: Scroll            ||     2
 Stab: Sleeping          ||     6
Armor: Skin              ||     4
Dodge: Dodged            ||    36

Table legend: (Time is in decaauts)
 A = Elapsed time spent in this place.
 B = Non-inter-level travel time spent in this place.
 C = Inter-level travel time spent in this place.
 D = Time resting spent in this place.
 E = Time spent auto-exploring this place.
 F = Levels seen in this place.
 G = Mean time per level.
                   A        B        C        D        E       F      G
               +--------+--------+--------+--------+--------+-----+--------+
         Total |   1281 |   1253 |     28 |      0 |   1028 |   2 |  640.5 |
       Dungeon |   1281 |   1253 |     28 |      0 |   1028 |   2 |  640.5 |
               +--------+--------+--------+--------+--------+-----+--------+

Top non-repeatable levels by time:
     D:1: 1121 daAuts
     D:2: 159 daAuts
